[Event "Early-Titled-Tuesday-Blitz-April-23-2024"]
[Site "Chess.com"]
[Date "2024.04.23"]
[Round "4"]
[White "BashirovKemal"]
[Black "northridgehawk"]
[Result "1-0"]
[WhiteElo "2731"]
[BlackElo "2335"]
[TimeControl "180+1"]
[EndTime "8:39:12 PDT"]
[Termination "BashirovKemal won by resignation"]

1. d4 Nf6 2. Nf3 g6 3. Nbd2 d5 4. e3 Bg7 5. b4 O-O 6. Bb2 a5 7. b5 c6 8. c4 Nbd7 9. bxc6 bxc6 10. Be2 a4 11. O-O Ne4 12. cxd5 cxd5 13. Nxe4 dxe4 14.
Nd2 Bb7 15. Nc4 Bd5 16. Rc1 Qb8 17. Ba3 Re8 18. Nd2 Bxa2 19. Qc2 Bb3 20. Qxe4 Nf6 21. Qd3 Rc8 22. Rb1 Nd5 23. Nxb3 Rc3 24. Nc5 Qd8 25.
Qe4 Nf6 26. Qb7 Rxa3 27. Qb2 Rb3 28. Nxb3 axb3 29. Qxb3 Ne4 30. Qd3 Ra2 31. Qxe4 Rxe2 32. Ra1 Rb2 33. Ra8 Rb8 34. Rfa1 Bf8 35. Rxb8 Qxb8 36.
Ra8 Qb4 37. g3 Kg7 38. Qe5+ Kg8 39. Qb8 Qxb8 40. Rxb8 Kg7 41. Kg2 f5 42. Kf3 Kf7 43. Kf4 Bg7 44. Rb7 Bf6 45. d5 Ke8 46. d6 Kd8 47.
dxe7+ Bxe7 48. Rxe7 Kxe7 49. Ke5 1-0

[Event "Early-Titled-Tuesday-Blitz-April-23-2024"]
[Site "Chess.com"]
[Date "2024.04.23"]
[Round "4"]
[White "Manukyan_Artak"]
[Black "Sofia_Blokhin"]
[Result "1-0"]
[WhiteElo "2465"]
[BlackElo "2241"]
[TimeControl "180+1"]
[EndTime "8:39:12 PDT"]
[Termination "Manukyan_Artak won by resignation"]

1. e4 c5 2. Nf3 e6 3. c3 Nf6 4. e5 Nd5 5. d4 cxd4 6. cxd4 d6 7. Nc3 Nc6 8. Bd3 Be7 9. O-O O-O 10. Qe2 b6 11. Qe4 g6 12. Nxd5 exd5 13. Qxd5 Bb7 14.
Qb3 dxe5 15. dxe5 Qc8 16. Bh6 Rd8 17. Be4 Qg4 18. Qe3 Bc5 19. Qf4 Qh5 20. Rad1 Bd4 21. Bxc6 Bxc6 22. Rxd4 Bxf3 23. Rxd8+ Rxd8 24. Qf6 Qxh6 25. Qxd8+ Kg7 26. gxf3 Qh3 27. Qf6+ Kh6 28. Qf4+ Kg7 29.
Qg4 Qh6 30. f4 Kg8 31. h4 Qf8 32. Rd1 Kg7 33. Qg5 h6 34. Qf6+ Kh7 35. Rd7 Kg8 36. e6 1-0

[Event "Early-Titled-Tuesday-Blitz-April-23-2024"]
[Site "Chess.com"]
[Date "2024.04.23"]
[Round "4"]
[White "SpeedofLight0"]
[Black "ReadySkate"]
[Result "1-0"]
[WhiteElo "3072"]
[BlackElo "2650"]
[TimeControl "180+1"]
[EndTime "8:39:14 PDT"]
[Termination "SpeedofLight0 won by resignation"]

1. d4 Nf6 2. Nc3 d5 3. Bf4 g6 4. Qd2 Bg7 5. O-O-O O-O 6. Bh6 c5 7. Bxg7 Kxg7 8. dxc5 Nc6 9. Nxd5 Nxd5 10. Qxd5 Qa5 11.
a3 Rd8 12. Qg5 Rxd1+ 13. Kxd1 Bf5 14. Nf3 Rd8+ 15. Kc1 Qxc5 16. e4 Nd4 17. Nxd4 Qxd4 18. Bd3 Bxe4 19. Rd1 Rd5 20. Qg3 Bxd3 21. Rxd3 Qe4 22.
Re3 Qc4 23. Re1 Qa2 24. Qc3+ e5 25. b4 f6 26. f4 exf4 27. Qc7+ Kh6 28. Qxf4+ Kh5 29.
g4+ Kh4 30. Qh6+ Kxg4 31. Re4+ Kf3 32. Qf4+ Kg2 33. Qg3+ 1-0

[Event "Early-Titled-Tuesday-Blitz-April-23-2024"]
[Site "Chess.com"]
[Date "2024.04.23"]
[Round "4"]
[White "czechbul17"]
[Black "Shiner22"]
[Result "1-0"]
[WhiteElo "2066"]
[BlackElo "2329"]
[TimeControl "180+1"]
[EndTime "8:39:15 PDT"]
[Termination "czechbul17 won by checkmate"]

1. d4 Nf6 2. c4 e6 3. Nf3 b6 4. g3 Bb7 5. Bg2 Be7 6. O-O O-O 7. d5 exd5 8. Nh4 c6 9. cxd5 Nxd5 10. Nf5 Nc7 11. e4 d5 12. Nc3 Bf6 13. Bf4 Ne6 14.
Bd6 Re8 15. exd5 g6 16. Nh6+ Kg7 17. dxe6 Rxe6 18. Bf4 Qxd1 19. Rfxd1 g5 20. Nf5+ Kg6 21. Nd6 Ba6 22. Be3 Be7 23. Be4+ Kf6 24. Nf5 Bb4 25.
Bd4+ Kg6 26. Ng7+ Kh6 27. Nxe6 fxe6 28. Be5 Bb7 29. Rd8 Na6 30. Rd7 g4 31. Rxh7+ Kg5 32. Rg7+ Kh6 33. Rxb7 Nc5 34. Bf4+ Kh5 35. Rh7# 1-0

[Event "Early-Titled-Tuesday-Blitz-April-23-2024"]
[Site "Chess.com"]
[Date "2024.04.23"]
[Round "4"]
[White "norwaytoadog"]
[Black "rdarruda"]
[Result "1-0"]
[WhiteElo "2354"]
[BlackElo "2529"]
[TimeControl "180+1"]
[EndTime "8:39:16 PDT"]
[Termination "norwaytoadog won by resignation"]

1. e4 c5 2. Nf3 Nc6 3. Bb5 g6 4. Bxc6 bxc6 5. O-O Bg7 6. Re1 e5 7. b4 cxb4 8. a3 bxa3 9. Bxa3 Ne7 10. Bd6 O-O 11.
Bxe5 d5 12. Bxg7 Kxg7 13. e5 c5 14. c3 h6 15. d4 Qc7 16. Na3 Rb8 17. c4 Be6 18.
cxd5 Bxd5 19. Rc1 Qa5 20. Nc4 Qb4 21. Ne3 Bxf3 22. Qxf3 Qxd4 23. Qf6+ Kg8 24. Rcd1 Rb7 25. Rxd4 cxd4 26. Ng4 Kh7 27. e6 Nf5 28. h3 d3 29.
e7 Nxe7 30. Rxe7 d2 31. Rxb7 d1=Q+ 32. Kh2 h5 33. Rxf7+ Rxf7 34. Qxf7+ Kh8 35. Nf6 Qd6+ 36. g3 1-0

[Event "Early-Titled-Tuesday-Blitz-April-23-2024"]
[Site "Chess.com"]
[Date "2024.04.23"]
[Round "4"]
[White "Roosters19"]
[Black "Payyappat"]
[Result "0-1"]
[WhiteElo "2325"]
[BlackElo "2530"]
[TimeControl "180+1"]
[EndTime "8:39:16 PDT"]
[Termination "Payyappat won by resignation"]

1. d4 Nf6 2. Bg5 c5 3. d5 e6 4. c4 exd5 5. cxd5 d6 6. Nc3 g6 7. e4 Bg7 8. f4 O-O 9. Nf3 Qb6 10.
Rb1 Nh5 11. Qd2 h6 12. Bh4 Nxf4 13. Bg3 Nh5 14. Bf2 Re8 15. Bd3 Bg4 16. O-O Nd7 17.
Be3 Bxf3 18. Rxf3 Ne5 19. Rh3 Nxd3 20. Qxd3 Bd4 21. Bxd4 cxd4 22. Ne2 Re5 23. Rh4 Rae8 24. b3 f5 25. Ng3 fxe4 26. Nxe4 Kg7 27. Rf1 g5 28. Rxh5 Rxe4 29. Qf3 d3+ 30. Kh1 Rf4 31. Qd1 d2 32. Rg1 Qxg1+ 33. Qxg1 Re1 0-1

[Event "Early-Titled-Tuesday-Blitz-April-23-2024"]
[Site "Chess.com"]
[Date "2024.04.23"]
[Round "4"]
[White "GMG"]
[Black "Mackster23"]
[Result "1-0"]
[WhiteElo "2777"]
[BlackElo "2573"]
[TimeControl "180+1"]
[EndTime "8:39:17 PDT"]
[Termination "GMG won by resignation"]

1. Nf3 Nf6 2. c4 e6 3. g3 d5 4. Bg2 d4 5. e3 Nc6 6. exd4 Nxd4 7. O-O Be7 8. d3 O-O 9. Nbd2 c6 10. Nxd4 Qxd4 11.
Nf3 Qb6 12. Qe2 a5 13. Be3 Qc7 14. d4 a4 15. Bf4 Bd6 16. Bxd6 Qxd6 17. c5 Qc7 18.
Ne5 Rd8 19. Rfd1 Ra5 20. Rac1 h6 21. Nc4 Ra6 22. Qe5 Qe7 23. Rd3 Nd7 24. Qc7 Qf8 25. Ra3 Nf6 26. Nd6 b6 27. Bxc6 bxc5 28. dxc5 Bd7 29. Bb7 Ra7 30. Qb6 Rxb7 31. Nxb7 Nd5 32. Qxd8 1-0

[Event "Early-Titled-Tuesday-Blitz-April-23-2024"]
[Site "Chess.com"]
[Date "2024.04.23"]
[Round "4"]
[White "emeli_chess"]
[Black "shirovin"]
[Result "1-0"]
[WhiteElo "2464"]
[BlackElo "2062"]
[TimeControl "180+1"]
[EndTime "8:39:17 PDT"]
[Termination "emeli_chess won by checkmate"]

1. d4 f5 2. e4 fxe4 3. Nc3 Nf6 4. Bg5 e6 5. Nxe4 Be7 6. Bxf6 Bxf6 7. c3 O-O 8. Nf3 d5 9. Nxf6+ Qxf6 10. Qd2 Nc6 11. O-O-O Bd7 12. Bb5 Qf4 13. Bxc6 Bxc6 14. Qxf4 Rxf4 15.
Rhe1 Re8 16. Rd2 h6 17. Ne5 Bb5 18. g3 Rf6 19. f4 Ref8 20. h4 g6 21. Kc2 Kg7 22.
Rh2 h5 23. Re3 Re8 24. b3 Re7 25. Rh1 b6 26. c4 dxc4 27. bxc4 Ba4+ 28. Kc3 Be8 29.
Rhe1 Rf8 30. Nf3 Bf7 31. Ng5 Rfe8 32. d5 Kf6 33. Kd4 exd5 34. Nh7+ Kg7 35. Rxe7 Rxe7 36. Rxe7 dxc4 37. Ng5 Kf8 38. Rxf7+ Ke8 39. Rxc7 a5 40. Ne6 b5 41. Ke5 b4 42. Kd6 c3 43. Re7# 1-0

[Event "Early-Titled-Tuesday-Blitz-April-23-2024"]
[Site "Chess.com"]
[Date "2024.04.23"]
[Round "4"]
[White "PabloZarnicki"]
[Black "ChessSG1"]
[Result "0-1"]
[WhiteElo "2592"]
[BlackElo "2417"]
[TimeControl "180+1"]
[EndTime "8:39:19 PDT"]
[Termination "ChessSG1 won on time"]

1. e4 c5 2. Nf3 g6 3. c3 d5 4. exd5 Qxd5 5. d4 Nf6 6. Na3 Bg7 7. Bc4 Qd8 8. O-O cxd4 9. Nb5 O-O 10. Nbxd4 a6 11. a4 Qc7 12. Bb3 e5 13. Nc2 Nc6 14. Bg5 Ng4 15. h3 e4 16. hxg4 Bxg4 17. Bd5 exf3 18. Bxf3 Bxf3 19. Qxf3 Ne5 20. Qg3 Qb6 21. Nb4 Rac8 22. Nd5 Qxb2 23. Rab1 Qc2 24. Ne7+ Kh8 25. Nxc8 Rxc8 26. Rxb7 h6 27. Bf4 Rxc3 28. Bxe5 Rxg3 29. Bxg3 Qxa4 30. Rxf7 Kg8 31. Rc7 h5 32. Re1 h4 33.
Re8+ Kh7 34. Be5 Qxe8 35. Rxg7+ Kh6 0-1

[Event "Early-Titled-Tuesday-Blitz-April-23-2024"]
[Site "Chess.com"]
[Date "2024.04.23"]
[Round "4"]
[White "Chernov_Alexander_A"]
[Black "JM05C"]
[Result "0-1"]
[WhiteElo "2266"]
[BlackElo "2503"]
[TimeControl "180+1"]
[EndTime "8:39:20 PDT"]
[Termination "JM05C won on time"]

1. d4 Nf6 2. Nc3 d5 3. Bg5 e6 4.
e4 Be7 5. exd5 exd5 6. Nf3 Be6 7.
Bd3 Nc6 8. O-O Qd7 9. Bb5 O-O 10.
Ne5 Qe8 11. Re1 a6 12. Bd3 h6 13. Bh4 Nxd4 14. Bf1 c5 15. Bg3 b5 16. Qd2 b4 17.
Nd1 Rd8 18. c3 bxc3 19. bxc3 Nb5 20. a4 Nd6 21. Bxa6 Ra8 22. Bd3 Rxa4 23. Rxa4 Qxa4 24. Ng6 fxg6 25. Rxe6 Qd7 26. Re1 Nf5 27. Be5 Bd6 28.
h3 Bxe5 29. Rxe5 Re8 30. Qe2 Rxe5 31. Qxe5 Qe7 32. Qxe7 Nxe7 33. Ne3 Kf7 34. Kf1 Ke6 35. Ke2 g5 36. Bb5 Ke5 37. g3 Ne4 0-1

[Event "Early-Titled-Tuesday-Blitz-April-23-2024"]
[Site "Chess.com"]
[Date "2024.04.23"]
[Round "4"]
[White "GalaxyRoman"]
[Black "Maxfan2008"]
[Result "0-1"]
[WhiteElo "2782"]
[BlackElo "2598"]
[TimeControl "180+1"]
[EndTime "8:39:21 PDT"]
[Termination "Maxfan2008 won on time"]

1. e4 c5 2. Nc3 e6 3. f4 Nc6 4. Nf3 d5 5. Bb5 Ne7 6. O-O d4 7.
Nb1 a6 8. Bxc6+ Nxc6 9. d3 Be7 10.
a4 O-O 11. Nbd2 Bd7 12. Nc4 b5 13. axb5 axb5 14. Rxa8 Qxa8 15. Nb6 Qb7 16. Nxd7 Qxd7 17. Qe1 Ra8 18. Qg3 c4 19. f5 exf5 20. exf5 f6 21.
Nd2 c3 22. Ne4 Kh8 23. bxc3 dxc3 24. Be3 b4 25. h4 b3 26. cxb3 Qxd3 27. Qf4 c2 28.
Nf2 Qxb3 29. Qe4 Rc8 30. Rc1 Ne5 31. Bd4 Ba3 32. Rxc2 Qxc2 33. Qb7 Qc1+ 34. Kh2 Bd6 35. Kh3 h5 36. Ne4 Ng4 37. Nxd6 Qh1+ 38. Kg3 Qe1+ 39. Kh3 Nf2+ 40. Bxf2 Rc3+ 41. Kh2 Qxf2 42. Qa8+ Kh7 43. Qe4 Qg3+ 44. Kg1 Rc1+ 0-1

[Event "Early-Titled-Tuesday-Blitz-April-23-2024"]
[Site "Chess.com"]
[Date "2024.04.23"]
[Round "4"]
[White "RodTwinkz"]
[Black "LuisFSiles"]
[Result "1-0"]
[WhiteElo "2685"]
[BlackElo "2461"]
[TimeControl "180+1"]
[EndTime "8:39:21 PDT"]
[Termination "RodTwinkz won on time"]

1. e4 c5 2. Nc3 Nc6 3. f4 g6 4. Nf3 Bg7 5. Bc4 e6 6. e5 d5 7. Bb5 Ne7 8. O-O O-O 9. Be2 a6 10. a4 f6 11. exf6 Bxf6 12. d3 e5 13. fxe5 Nxe5 14. Bh6 Nxf3+ 15. Bxf3 Bg7 16. Bxg7 Kxg7 17. Qe2 Qd6 18. Rae1 Rf7 19. Qe5+ Qxe5 20. Rxe5 Bd7 21. Bxd5 Rxf1+ 22. Kxf1 Nxd5 23. Rxd5 Rf8+ 24. Kg1 Bc6 25. Rxc5 Re8 26. b4 Re1+ 27. Kf2 Rc1 28. Ne2 Rd1 29.
b5 axb5 30. axb5 Be8 31. Rc7+ Kf6 32. Rxb7 Rd2 33. Rc7 Rd1 34. b6 Rb1 35. b7 g5 36.
Rc8 1-0

[Event "Early-Titled-Tuesday-Blitz-April-23-2024"]
[Site "Chess.com"]
[Date "2024.04.23"]
[Round "4"]
[White "giovannibrandao7"]
[Black "Levanzovsky"]
[Result "1/2-1/2"]
[WhiteElo "2317"]
[BlackElo "2518"]
[TimeControl "180+1"]
[EndTime "8:39:22 PDT"]
[Termination "Game drawn by repetition"]

1. e4 e5 2. Nf3 Nc6 3. Bb5 a6 4. Ba4 Nf6 5. O-O Nxe4 6. d4 b5 7. Bb3 d5 8. dxe5 Be6 9. c3 Bc5 10. Nbd2 O-O 11. Bc2 Nxf2 12. Rxf2 Bxf2+ 13. Kxf2 f6 14. exf6 Qxf6 15. Kg1 Rae8 16. Nf1 Ne5 17. Be3 Nxf3+ 18. Qxf3 Qxf3 19. gxf3 Rxf3 20. Bd4 Bh3 21. Ng3 Ref8 22. Re1 h5 23. Bd1 R3f4 24. Bxh5 Kh7 25. Bd1 Kg8 26. Be5 R4f7 27. Bd4 Rf4 28. Be5 Rf2 29. Bxc7 Rg2+ 30. Kh1 Rff2 31. Nh5 Rxb2 32. Bf3 Rgf2 33. Bxd5+ Kh7 34. Bg3 Rf1+ 35. Rxf1 Bxf1 36. Kg1 Bh3 37. c4 bxc4 38. Bxc4 Rg2+ 39. Kh1 Rd2 40.
Kg1 Rg2+ 41. Kh1 Rd2 42. Kg1 Rg2+ 1/2-1/2

[Event "Early-Titled-Tuesday-Blitz-April-23-2024"]
[Site "Chess.com"]
[Date "2024.04.23"]
[Round "4"]
[White "Prizant_academy"]
[Black "Aryan_Tamadon"]
[Result "1-0"]
[WhiteElo "2934"]
[BlackElo "2629"]
[TimeControl "180+1"]
[EndTime "8:39:23 PDT"]
[Termination "Prizant_academy won by checkmate"]

1. d4 Nf6 2. c4 d6 3. Nf3 g6 4.
Nc3 Bg7 5. e4 O-O 6. Be2 Nbd7 7.
O-O e5 8. Qc2 exd4 9. Nxd4 Re8 10. Rd1 Nc5 11. f3 Bd7 12. Bg5 Qc8 13. b4 Ne6 14. Be3 a5 15. a3 axb4 16. axb4 Rxa1 17. Rxa1 Nxe4 18. Nxe6 Nxc3 19. Nxg7 Rxe3 20. Bd3 Kxg7 21. Qxc3+ Kg8 22. Qd4 Qe8 23. Be4 Re2 24. Kf1 Rxe4 25. Qxe4 Qc8 26. Qd4 h5 27. h4 Be6 28. c5 dxc5 29. bxc5 Kh7 30. Kf2 Qe8 31. Ra7 Qb5 32. Ra8 g5 33. Rh8+ Kg6 34. Rg8+ Kf5 35. Rxg5# 1-0

[Event "Early-Titled-Tuesday-Blitz-April-23-2024"]
[Site "Chess.com"]
[Date "2024.04.23"]
[Round "4"]
[White "ccccvhhhj"]
[Black "Martial2008"]
[Result "0-1"]
[WhiteElo "2461"]
[BlackElo "2685"]
[TimeControl "180+1"]
[EndTime "8:39:23 PDT"]
[Termination "Martial2008 won by checkmate"]

1. e4 e5 2. Nf3 Nc6 3. d4 exd4 4. Nxd4 Nf6 5. Bb5 Bc5 6. Nb3 Bb6 7. Nc3 O-O 8. Bg5 Re8 9. O-O h6 10. Bh4 Ne5 11.
Kh1 c6 12. Be2 Ng6 13. Bg3 Nxe4 14. Nxe4 Rxe4 15. f4 d5 16. f5 Nh4 17. f6 Nf5 18. Bd3 Nxg3+ 19. hxg3 Rg4 20. Qf3 g6 21. Rae1 Rg5 22.
Rf2 Bg4 23. Qf4 Qc7 24. Qxc7 Bxc7 25. c3 Bxg3 26. Rff1 Bxe1 27. Rxe1 Bf5 28. Bf1 Be4 29. Nc5 Rf5 30. Nxb7 Rxf6 31. Nc5 Re8 32. Rd1 Kg7 33. Ba6 Rf2 34. b3 Bxg2+ 35. Kg1 Rxa2 36. c4 Bf3 37.
Rc1 Ree2 38. cxd5 Rg2+ 39. Kf1 Rh2 40. Ke1 Rh1+ 41. Bf1 Re2+ 42. Kd1 Rxf1# 0-1

[Event "Early-Titled-Tuesday-Blitz-April-23-2024"]
[Site "Chess.com"]
[Date "2024.04.23"]
[Round "4"]
[White "MarlonJodar"]
[Black "maurovargas01"]
[Result "1-0"]
[WhiteElo "2286"]
[BlackElo "1890"]
[TimeControl "180+1"]
[EndTime "8:39:23 PDT"]
[Termination "MarlonJodar won on time"]

1. e4 d5 2. exd5 Qxd5 3. Nc3 Qa5 4. d4 c6 5. Nf3 Nf6 6. Bc4 Bg4 7. h3 Bh5 8. g4 Bg6 9. Ne5 e6 10. Bd2 Qc7 11.
Qe2 Bd6 12. O-O-O Nbd7 13. f4 O-O-O 14. h4 h5 15. Nxg6 fxg6 16. Bxe6 Bxf4 17. g5 Ng4 18. Bxg4 hxg4 19. Qxg4 Bd6 20. Qe6 Kb8 21. Qxg6 Nf8 22. Qf5 g6 23. Qe4 Qg7 24. d5 c5 25. Nb5 Be5 26. Bc3 Bxc3 27. Nxc3 Ka8 28. d6 Nd7 29. Rhe1 1-0

[Event "Early-Titled-Tuesday-Blitz-April-23-2024"]
[Site "Chess.com"]
[Date "2024.04.23"]
[Round "4"]
[White "bescmelasti"]
[Black "lucasmito"]
[Result "1-0"]
[WhiteElo "2607"]
[BlackElo "2793"]
[TimeControl "180+1"]
[EndTime "8:39:24 PDT"]
[Termination "bescmelasti won by resignation"]

1. e4 e5 2. Nf3 Nc6 3. Bb5 f5 4. d3 fxe4 5. dxe4 Nf6 6. O-O d6 7.
Nc3 Be7 8. Bc4 Na5 9. Be2 O-O 10. h3 Nc6 11. Bc4+ Kh8 12. a4 Qe8 13. a5 a6 14. Be3 Nh5 15. Nd5 Bd8 16. Ra3 Ne7 17. Re1 Nxd5 18. Bxd5 Nf4 19. Bxf4 Rxf4 20. b4 Qg6 21.
Kh2 c6 22. Ba2 Bc7 23. Rae3 Bd7 24. Nxe5 dxe5 25. Qxd7 Rxf2 26. Rg3 Qf6 27. Qxc7 h5 28. Ree3 h4 29. Rgf3 Rxf3 30. Rxf3 Qg5 31. Qd7 Rd8 32. Qf5 Qxf5 33. Rxf5 g6 34. Rxe5 Rd2 35. Bb3 Re2 36.
Re7 g5 37. e5 Re3 38. e6 Kg8 1-0

[Event "Early-Titled-Tuesday-Blitz-April-23-2024"]
[Site "Chess.com"]
[Date "2024.04.23"]
[Round "4"]
[White "PolandHussars"]
[Black "DamianoLew95"]
[Result "1/2-1/2"]
[WhiteElo "2591"]
[BlackElo "2798"]
[TimeControl "180+1"]
[EndTime "8:39:24 PDT"]
[Termination "Game drawn by repetition"]

1. e4 c5 2. Ne2 Nc6 3. g3 g6 4. Bg2 Bg7 5. c3 e5 6. d3 Nge7 7. Be3 b6 8. d4 exd4 9. cxd4 O-O 10. Nbc3 cxd4 11. Nxd4 Ba6 12. Ndb5 Ne5 13. O-O Nc4 14. Bd4 Nc6 15. Bxg7 Kxg7 16. b3 N4a5 17. Re1 Bxb5 18. Nxb5 Nb7 19. Qd2 Qe7 20. Rad1 Rfd8 21. e5 a6 22. Nd6 Nxd6 23. Qxd6 Qxd6 24. Rxd6 Rac8 25. f4 Kf8 26. Red1 Ke7 27. Kf2 Rc7 28. R1d2 b5 29.
Ke3 Rdc8 30. Bh3 Nb8 31. Bg4 h5 32. Bh3 Rb7 33. f5 gxf5 34. Bxf5 Rbc7 35. Rh6 Rc5 36. Kf4 R8c7 37. Rxh5 Nc6 38. Bg4 Nb4 39. Rh7 Nd5+ 40. Kg5 Nc3 41. Kf4 Nd5+ 42. Kg5 Nc3 43. Kf4 Nd5+ 1/2-1/2

[Event "Early-Titled-Tuesday-Blitz-April-23-2024"]
[Site "Chess.com"]
[Date "2024.04.23"]
[Round "4"]
[White "DominguezOnYoutube"]
[Black "Aygehovit1992"]
[Result "1-0"]
[WhiteElo "2947"]
[BlackElo "2745"]
[TimeControl "180+1"]
[EndTime "8:39:25 PDT"]
[Termination "DominguezOnYoutube won on time"]

1. e4 c5 2. Nf3 e6 3. d4 cxd4 4.
Nxd4 Nc6 5. Nc3 Qc7 6. Be2 a6 7.
Nxc6 bxc6 8. Qd3 Nf6 9. Qg3 e5 10. f4 d6 11. O-O h5 12. h3 Rb8 13. b3 Rb4 14. Bc4 d5 15. a3 Rb6 16. Bd3 h4 17.
Qf2 d4 18. Na4 Rb5 19. fxe5 Rxe5 20. Qxd4 Bd6 21. Be3 Rhh5 22. Rad1 Rhg5 23. Rf3 1-0

[Event "Early-Titled-Tuesday-Blitz-April-23-2024"]
[Site "Chess.com"]
[Date "2024.04.23"]
[Round "4"]
[White "JiiHart"]
[Black "Juicy_Fork"]
[Result "0-1"]
[WhiteElo "2177"]
[BlackElo "2474"]
[TimeControl "180+1"]
[EndTime "8:39:25 PDT"]
[Termination "Juicy_Fork won on time"]

1. e4 e5 2. Nf3 Nc6 3. Bc4 Nf6 4. d3 Bc5 5. c3 d6 6. h3 h6 7. a4 a5 8. Na3 O-O 9. Nc2 d5 10. exd5 Nxd5 11. Be3 Nxe3 12. Nxe3 Ne7 13. Nxe5 Bxe3 14. fxe3 Qd6 15. d4 Ng6 16. Nxg6 Qg3+ 17. Kd2 Qxg6 18. Qf3 Bf5 19. Rhf1 Be4 20. Qf4 c5 21. Rf2 cxd4 22. exd4 Rad8 23. Raf1 Bd5 24. Qc7 Rc8 25. Qxc8 Rxc8 26.
Bd3 Qb6 27. Kc1 Qxd4 28. Rd2 Qxa4 29. Re1 Be6 0-1

[Event "Early-Titled-Tuesday-Blitz-April-23-2024"]
[Site "Chess.com"]
[Date "2024.04.23"]
[Round "4"]
[White "yaguigor"]
[Black "WCM-Mexicana"]
[Result "1/2-1/2"]
[WhiteElo "2601"]
[BlackElo "2376"]
[TimeControl "180+1"]
[EndTime "8:39:26 PDT"]
[Termination "Game drawn by repetition"]

1. d4 d5 2. c4 c6 3. Nc3 g6 4.
Nf3 Bg7 5. cxd5 cxd5 6. Bf4 Nf6 7. e3 O-O 8. h3 Nc6 9. Be2 a6 10.
Rc1 Bd7 11. O-O b5 12. Ne5 Rc8 13. Bf3 e6 14. Nd3 Na5 15. Nc5 Qb6 16. b3 Nb7 17. b4 a5 18. a3 axb4 19. axb4 Ra8 20.
Qe2 Nd6 21. Bxd6 Qxd6 22. Nxb5 Bxb5 23. Qxb5 Rfb8 24. Qd3 Rxb4 25. Rb1 Rab8 26. Rxb4 Rxb4 27. Ra1 h6 28. Ra8+ Kh7 29. g3 Rb8 30. Ra7 Kg8 31. Kg2 Bf8 32. h4 Qb6 33. Ra6 Qb1 34. Qxb1 Rxb1 35. Nd3 Rb7 36. Ne5 Nd7 37. Nc6 Nb8 38. Nxb8 Rxb8 39. Ra7 Re8 40. Be2 Re7 41. Ra8 Rc7 42.
Bb5 Kg7 43. Kf3 Be7 44. Be8 Bf6 45. Kg2 Be7 46. Rb8 Bf6 47. Bb5 Be7 48. Be8 Bf6 49. Kf3 Be7 50. Kg2 1/2-1/2

[Event "Early-Titled-Tuesday-Blitz-April-23-2024"]
[Site "Chess.com"]
[Date "2024.04.23"]
[Round "4"]
[White "Aragon"]
[Black "Heinza9"]
[Result "0-1"]
[WhiteElo "2078"]
[BlackElo "2320"]
[TimeControl "180+1"]
[EndTime "8:39:26 PDT"]
[Termination "Heinza9 won by resignation"]

1. e4 e5 2. Nf3 Nc6 3. Nc3 Nf6 4. Be2 d5 5. exd5 Nxd5 6. O-O Be7 7. Bb5 f6 8. d4 Nxc3 9. bxc3 e4 10. Nh4 O-O 11. Bc4+ Kh8 12. f3 f5 13. Ng6+ hxg6 14. fxe4 fxe4 15. Bf4 Bd6 16. Qd2 Bf5 17. Qe3 Na5 18. Be2 Qd7 19. Rab1 b6 20. Qg3 Bxf4 21. Rxf4 Qd6 22. Rb5 Bd7 23. Re5 Rxf4 24. Qxf4 Rf8 25. Qxe4 Bf5 26. Qh4+ Kg8 27. Bf3 Be6 28. Be4 Bc4 29. Bf3 Qf6 30. Qg3 Nc6 31. Rg5 Ne7 32. h4 c5 33. Qf2 Nf5 34. Kh2 cxd4 35. cxd4 Qxd4 36. Qe1 Qf4+ 37. Kh1 Qxh4+ 38. Qxh4 Nxh4 39.
Rg4 Nxf3 40. gxf3 b5 41. Rd4 Rxf3 42. Kg2 Rc3 0-1

[Event "Early-Titled-Tuesday-Blitz-April-23-2024"]
[Site "Chess.com"]
[Date "2024.04.23"]
[Round "4"]
[White "Mops_2004"]
[Black "LeRoidesChampions"]
[Result "1-0"]
[WhiteElo "2894"]
[BlackElo "2616"]
[TimeControl "180+1"]
[EndTime "8:39:28 PDT"]
[Termination "Mops_2004 won on time"]

1. g3 g6 2. Bg2 Bg7 3. d4 Nf6 4. e4 O-O 5. Nc3 d6 6. Nf3 Nc6 7. d5 Nb4 8. h3 a5 9. O-O c6 10.
Re1 Bd7 11. Bg5 h6 12. Be3 Na6 13. Qd2 Kh7 14. dxc6 Bxc6 15. Nd4 Nd7 16. f4 Rc8 17. a3 Nac5 18. b4 axb4 19. axb4 Ne6 20. b5 Nxd4 21. Bxd4 e5 22. fxe5 Nxe5 23. bxc6 Rxc6 24. Nd5 Qc8 25. c3 Qe6 26. Rf1 Rfc8 27. Rab1 Nc4 28. Qf2 Ne5 29. Rxb7 h5 30. Bxe5 Bxe5 31. Qxf7+ Qxf7 32. Rfxf7+ Kh8 33. Ne7 Rxc3 34. Nxc8 Rxc8 35. Rb3 Rc1+ 36.
Rf1 Rc2 37. h4 Kg7 38. Rbf3 Kg8 39. R1f2 Bd4 40. Bf1 Rd2 41. Kg2 Bxf2 42. Rxf2 Rd4 43. Kf3 d5 44. exd5 Kg7 45. Ke3 Rxd5 46. Bd3 Re5+ 47. Be4 Re6 48. Rc2 Rb6 49. Rc6 Rxc6 50. Bxc6 Kf6 51. Kf4 Kg7 52. Kg5 1-0

[Event "Early-Titled-Tuesday-Blitz-April-23-2024"]
[Site "Chess.com"]
[Date "2024.04.23"]
[Round "4"]
[White "GMAkobianSTL"]
[Black "dropstoneDP"]
[Result "1/2-1/2"]
[WhiteElo "2809"]
[BlackElo "3022"]
[TimeControl "180+1"]
[EndTime "8:39:30 PDT"]
[Termination "Game drawn by repetition"]

1. d4 d5 2. c4 dxc4 3. e3 Nf6 4. Bxc4 e6 5. Nf3 a6 6. O-O c5 7. dxc5 Bxc5 8. Qxd8+ Kxd8 9. Rd1+ Ke7 10. a3 b5 11. Be2 Bb7 12. b4 Bb6 13. Bb2 Nbd7 14. Nbd2 Rac8 15. Nd4 Rc7 16. Rac1 Rhc8 17. Rxc7 Rxc7 18.
N2b3 Bd5 19. Rc1 Rxc1+ 20. Nxc1 Ne4 21. Nd3 Bc4 22. f3 Nd6 23. Kf2 f6 24. Nc6+ Kf7 25.
Bd4 Bxd4 26. Nxd4 e5 27. Nc6 Bd5 28. Na5 Nc4 29. e4 Be6 30. Nxc4 Bxc4 31. Ke3 Ke6 32. Nb2 Bxe2 33. Kxe2 Nb6 34. Nd3 Nc4 35. Nc5+ Kd6 36.
Nxa6 Nxa3 37. Kd3 Nc4 38. Nc5 Na5 39. bxa5 Kxc5 40. Kc3 b4+ 41. Kb3 Kb5 42. a6 Kxa6 43.
Kxb4 Kb6 44. Kc4 Kc6 45. g4 g5 46. h3 h6 47. Kb4 Kb6 48. Kc4 Kc6 49. Kb4 Kb6 50. Kc4 Kc6 1/2-1/2

[Event "Early-Titled-Tuesday-Blitz-April-23-2024"]
[Site "Chess.com"]
[Date "2024.04.23"]
[Round "4"]
[White "B_nn_t"]
[Black "Storne89"]
[Result "0-1"]
[WhiteElo "2554"]
[BlackElo "2743"]
[TimeControl "180+1"]
[EndTime "8:39:30 PDT"]
[Termination "Storne89 won by resignation"]

1. e4 e5 2. Nf3 Nc6 3. Bc4 Bc5 4.
c3 Nf6 5. d3 d6 6. O-O O-O 7.
Re1 a5 8. h3 Ba7 9. Na3 Ne7 10.
d4 Ng6 11. Nb5 Bb6 12. dxe5 Nxe5 13. Nxe5 dxe5 14. Be3 Bxe3 15. Rxe3 c6 16. Nd6 Qe7 17. Nxc8 Rfxc8 18. a4 Rd8 19. Qe2 g6 20. Rd1 Rxd1+ 21. Qxd1 Rd8 22. Rd3 Rxd3 23. Qxd3 Kg7 24. g3 h5 25. h4 Qc5 26. b3 Ng4 27. Qf3 Nf6 28.
Qd3 Ng4 29. Qf3 f6 30. Be2 b5 31. Kg2 bxa4 32. bxa4 Kf8 33. Bd1 Ke7 34. Be2 Qb6 35.
Bd1 Qb2 36. Be2 Qa2 37. Bd1 Qd2 38. Be2 Kd6 39. Bd1 Kc5 40. Be2 Qd6 41. Bd1 Kc4 42. Qe2+ Qd3 43. Qa2+ Kxc3 44. Qa3+ Kd2 45. Qa1 Qxe4+ 46. f3 Ne3+ 47. Kh1 Qd4 48. Bb3 Qxa1+ 0-1

[Event "Early-Titled-Tuesday-Blitz-April-23-2024"]
[Site "Chess.com"]
[Date "2024.04.23"]
[Round "4"]
[White "Antosha_Chekhonte"]
[Black "ChessMA48"]
[Result "1-0"]
[WhiteElo "2550"]
[BlackElo "2328"]
[TimeControl "180+1"]
[EndTime "8:39:30 PDT"]
[Termination "Antosha_Chekhonte won by checkmate"]

1. e4 e5 2. Nf3 Nc6 3. Bc4 Bc5 4. d3 Nf6 5. O-O d6 6. c3 a6 7. a4 h6 8. Re1 O-O 9. Bb3 Ba7 10. Nbd2 Qe7 11. Nf1 Rd8 12. Ne3 Be6 13. Nd5 Bxd5 14.
exd5 Na5 15. Ba2 b5 16. b4 Nb7 17. a5 Qd7 18. d4 e4 19. Nd2 Re8 20. Nf1 Qf5 21.
Ne3 Qg5 22. c4 bxc4 23. Bxc4 Rab8 24. Bxa6 Nxd5 25. Qa4 Nxe3 26. Bxe3 Qd5 27. Rac1 Rf8 28. Qc6 Qxc6 29. Rxc6 f5 30. Rxc7 Nd8 31. Rxa7 Ne6 32. Bc4 Rbe8 33. b5 Kh8 34. Bxe6 Rxe6 35. b6 d5 36. b7 Ree8 37. Bf4 g5 38. Be5+ Kg8 39. h4 f4 40. Rb1 e3 41. fxe3 fxe3 42. b8=Q e2 43. Rg7+ Kh8 44. Rxg5+ Kh7 45. Qc7+ Re7 46. Qxe7+ Rf7 47. Qxf7# 1-0